 Dungeon Crawl Stone Soup version 0.21.1-1-g345015f (webtiles) character file.

144 goulibeur the Distorting Demonspawn (level 5, -1/42 HPs)
             Began as a Demonspawn Abyssal Knight on July 12, 2018.
             Was a Believer of Lugonu.
             Slain by an ice beast (13 damage)
             ... on level 5 of the Dungeon.
             The game lasted 00:09:24 (3530 turns).

goulibeur the Distorting Demonspawn (DsAK)          Turns: 3530, Time: 00:09:25

Health: -1/42      AC:  5    Str: 12    XL:     5   Next: 5%
Magic:  8/8        EV: 12    Int: 14    God:    Lugonu [**....]
Gold:   121        SH:  0    Dex: 13    Spells: 4/4 levels left

rFire    + + .     SeeInvis .   a - +1 short sword
rCold    . . .     Gourm    .   (no shield)
rNeg     . . .     Faith    .   v - +1 leather armour {rF+}
rPois    .         Spirit   .   p - +0 helmet
rElec    .         Reflect  .   (no cloak)
rCorr    .         Harm     .   (no gloves)
MR       .....                  (no boots)
Stlth    +.........             (no amulet)
HPRegen  0.14/turn              (no ring)
MPRegen  0.11/turn              (no ring)

@: no status effects
A: fire resistance 1
a: Depart the Abyss, Bend Space, Renounce Religion


You were on level 5 of the Dungeon.
You worshipped Lugonu.
Lugonu was pleased with you.
You were hungry.

You visited 1 branch of the dungeon, and saw 5 of its levels.
You visited the Abyss 1 time.

You collected 121 gold pieces.

Inventory:

Hand Weapons
 a - a +1 short sword (weapon)
Armour
 b - a +0 leather armour
 i - a +0 ring mail
 m - a +0 scale mail
 p - a +0 helmet (worn)
 v - a +1 leather armour of fire resistance (worn)
Jewellery
 f - a +2 ring of strength {unknown}
Wands
 u - a wand of scattershot (3)
Scrolls
 e - a scroll of fear {unknown}
 j - 2 scrolls of random uselessness {unknown}
 k - 2 scrolls of fog {unknown}
 n - a scroll of amnesia {unknown}
 o - 2 scrolls of identify {unknown}
 q - a scroll of immolation {unknown}
 w - a scroll of brand weapon {unknown}
Potions
 d - 2 potions of berserk rage {unknown}
 g - a potion of flight {unknown}
 h - 2 potions of curing {unknown}
 l - a potion of brilliance {unknown}
 s - a potion of degeneration {unknown}
 t - 2 potions of mutation {unknown}
Books
 r - a book of Misfortune

   Spells                             Type                      Level
   a - Confusing Touch                Hexes                        1
   b - Confuse                        Hexes                        3
   c - Gell's Gravitas                Translocation                3
   d - Petrify                        Transmutation/Earth          4
   e - Metabolic Englaciation         Hexes/Ice                    5
   f - Yara's Violent Unravelling     Hexes/Transmutation          5
Comestibles
 c - 8 rations


   Skills:
 + Level 3.6 Fighting
 - Level 1.7 Short Blades
 + Level 2.6 Armour
 + Level 2.0 Dodging
 * Level 4.8 Invocations


You had 4 spell levels left.
You didn't know any spells.

Dungeon Overview and Level Annotations

Branches:
Dungeon (5/15)
 Temple: D:4-7

Altars:
Qazlal
Zin

Annotations:
D:4 Grinder


Innate Abilities, Weirdness & Mutations

Your flesh is heat resistant. (rF+)


Message History

You hit the ice beast.
The ice beast is lightly wounded.
The ice beast hits you but does no damage.
You completely miss the ice beast.
The ice beast is lightly wounded.
The ice beast hits you but does no damage.
You hit the ice beast but do no damage.
The ice beast is lightly wounded.
The ice beast hits you. The ice beast freezes you!
You barely miss the ice beast.
The ice beast is lightly wounded.
The ice beast hits you. The ice beast freezes you!
You hit the ice beast but do no damage.
The ice beast is lightly wounded.
The ice beast barely misses you.
The crimson imp blinks!
A gnoll comes into view. It is wielding a war axe.
You open the door. The ice beast hits you.
* * * LOW HITPOINT WARNING * * *
The ice beast freezes you!
You die...

#.# #(# #.#####
#####...... ............
## ####.#...... _#
#####.#...... ##'#
............. #@.#
........##### ######Y##
........# #......Z.#
........# #........#
........# #........#
........# #........#
........#
#.......g#######.#.#####
#........a..............
############........####


You could see an ice beast, a worker ant, a gnoll and a howler monkey skeleton.

Vanquished Creatures
  An orc wizard (D:3)
  A gnoll (D:1)
  3 adders (D:3)
  2 worms
  2 dart slugs
  2 leopard geckos
  3 orcs (D:3)
  9 bats
  2 giant cockroaches
  7 goblins
  7 hobgoblins
  8 jackals
  7 kobolds
  2 frilled lizards
  5 rats
61 creatures vanquished.

Notes
Turn   | Place    | Note
-------+----------+-------------------------------------------
     0 | Abyss:1  | goulibeur the Demonspawn Abyssal Knight began the quest for the Orb.
     0 | Abyss:1  | Reached XP level 1. HP: 18/18 MP: 2/2
   142 | Abyss:1  | Found a corrupted altar of Lugonu.
   255 | Abyss:1  | Noticed a wretched star
   256 | D:1      | Escaped the Abyss
   281 | D:1      | Reached skill level 1 in Dodging
   600 | D:1      | Gained mutation: Your flesh is heat resistant. (rF+) [demonic ancestry]
   600 | D:1      | Reached XP level 2. HP: 24/24 MP: 4/4
   608 | D:1      | Reached skill level 3 in Invocations
   788 | D:1      | Reached * piety under Lugonu
   906 | D:1      | Reached XP level 3. HP: 29/29 MP: 5/5
  1468 | D:2      | Found a stormy altar of Qazlal.
  1788 | D:2      | Reached skill level 4 in Invocations
  1953 | D:3      | Reached XP level 4. HP: 32/35 MP: 7/7
  2572 | D:3      | Reached ** piety under Lugonu
  3095 | D:3      | Reached XP level 5. HP: 36/41 MP: 8/8
  3157 | D:4      | Noticed Grinder
  3185 | D:5      | Entered Level 5 of the Dungeon
  3494 | D:5      | Noticed an ice beast
  3530 | D:5      | Found a glowing silver altar of Zin.
  3530 | D:5      | Slain by an ice beast

Skill      XL: |  1  2  3  4 |
---------------+-------------+-----
Dodging        | 1 2 |  2.0
Armour         | 2 |  2.6
Invocations    | 3 4 |  4.8
Fighting       | |  3.6
Short Blades   | |  1.7

Action                   |  1- 3 |  4- 6 || total
-------------------------+-------+-------++-------
Melee: Short sword       |   157 |   161 ||   318
Invok: Depart the Abyss  |     1 |       ||     1
  Eat: Chunk             |     3 |     5 ||     8
Armor: Leather armour    |    28 |     7 ||    35
       Ring mail         |    22 |       ||    22
       Scale mail        |    27 |    46 ||    73
Dodge: Dodged            |   119 |    66 ||   185
